Map: 로스트 앤 파운드 - 래더

Players

Solar - Winner!

  • Race: Zerg Zerg
  • League: Platinum
  • Spawn Location: 1:00

PtitDrogo

  • Race: Protoss Protoss
  • League: Master
  • Spawn Location: 7:00

Event: HomeStory Cup XVIII

VOD

Have the link to the VOD?

Description

Time

  • Played on: Nov. 23, 2018, 10:03 a.m.
  • Length: 7:09

All games in this series

Show
View Real Time Build Order
Export as new Build Order

Solar Zerg - Winner!

Build Orders: Hatch First 

Get SALT Encoding   

  12  0:01  Drone  
  13  0:12  Overlord  
  13  0:17  Drone  
  14  0:30  Drone  
  14  0:31  Drone  
  16  0:47  Hatchery  
  15  0:51  Drone  
  15  0:54  Drone  
  17  0:57  Drone  
  18  1:06  Extractor  
  17  1:13  Spawning Pool  
  17  1:17  Drone  
  17  1:21  Drone  
  18  1:27  Drone  
  19  1:38  Drone  
  20  1:53  Hatchery  
  20  1:54  Drone  
  20  2:03  Queen  
  22  2:08  Metabolic Boost  
  22  2:12  Drone  
  23  2:16  Drone  
  23  2:18  Drone  
  25  2:23  Overlord  
  25  2:31  Queen  
  25  2:34  Zergling x2  
  28  2:42  Queen  
  30  2:44  Zergling x2  
  30  2:46  Drone  
  30  2:49  Drone  
  30  2:51  Drone  
  34  2:55  Drone x2  
  36  3:04  Queen  
  37  3:05  Drone  
  37  3:09  Overlord  
  37  3:12  Drone  
  39  3:13  Drone  
  39  3:18  Drone x2  
  42  3:27  Queen  
  42  3:29  Zergling x4  
  42  3:33  Overlord  
  46  3:35  Drone  
  46  3:38  Drone x2  
  49  3:41  Drone  
  49  3:43  Overlord  
  50  3:49  Spore Crawler  
  50  3:50  Spore Crawler  
  50  3:52  Drone  
  50  3:54  Drone  
  50  3:57  Overlord  
  50  4:02  Drone x3  
  53  4:06  Drone  
  53  4:07  Zergling x6  
  57  4:11  Overlord  
  57  4:15  Drone  
  57  4:16  Drone x3  
  60  4:18  Drone x2  
  60  4:22  Drone x2  
  63  4:26  Lair  
  63  4:33  Extractor, Roach Warren  
  63  4:34  Extractor, Drone  
  63  4:36  Drone  
  63  4:37  Drone  
  63  4:39  Drone x2  
  63  4:41  Drone  
  63  4:42  Drone  
  63  4:44  Zergling x2  
  68  4:46  Drone  
  68  4:49  Drone x3  
  68  4:51  Drone  
  68  4:52  Drone  
  73  4:53  Overlord  
  73  4:57  Drone  
  73  4:59  Zergling x2  
  74  5:00  Zergling x2  
  74  5:04  Zergling x2  
  74  5:06  Overlord  
  74  5:08  Overlord  
  74  5:10  Overlord  
  74  5:11  Extractor  
  74  5:12  Drone  
  74  5:13  Extractor, Zergling x4  
  75  5:14  Drone  
  75  5:15  Drone  
  77  5:23  Drone  
  77  5:25  Drone x2  
  77  5:26  Glial Reconstitution  
  77  5:28  Overseer  
  79  5:34  Drone  
  79  5:35  Drone x2, Hydralisk Den  
  82  5:38  Overseer  
  82  5:39  Evolution Chamber  
  82  5:41  Roach x6  
  92  5:44  Roach x2  
  96  5:55  Drone x3  
  96  5:56  Extractor  
  98  5:59  Overlord  
  98  6:00  Drone  
  98  6:01  Roach  
  98  6:02  Overlord  
  98  6:04  Hatchery  
  100  6:05  Roach  
  100  6:06  Roach  
  100  6:10  Overlord  
  103  6:12  Roach  
  103  6:13  Overlord  
  103  6:16  Overlord  
  105  6:19  Roach  
  105  6:25  Roach x3  
  113  6:32  Roach x6  
  124  6:36  Roach x2  
  125  6:43  Drone  
  125  6:44  Overlord  
  125  6:45  Roach  
Show
View Real Time Build Order
Export as new Build Order

PtitDrogo Protoss 

Build Orders: 1 Gate Expand, Oracle Opening, Phoenix Opening, Zealot Archon, Archon Drop 

Get SALT Encoding   

  12  0:00  Probe  
  13  0:12  Probe  
  14  0:19  Pylon  
  14  0:25  Probe  
  15  0:33  Probe  
  15  0:41  Probe  
  16  0:43  Gateway  
  16  0:47  Assimilator  
  17  0:51  Probe  
  18  1:04  Probe  
  19  1:16  Probe  
  20  1:22  Nexus  
  20  1:32  Cybernetics Core  
  20  1:35  Probe  
  21  1:43  Assimilator  
  21  1:47  Probe  
  21  1:50  Pylon  
  22  1:59  Probe  
  22  2:00  Adept  
  23  2:11  Probe  
  26  2:15  Stargate  
  26  2:23  Probe  
  26  2:25  Warp Gate  
  26  2:29  Adept  
  29  2:32  Probe x2  
  31  2:40  Probe x2  
  31  2:50  Probe x2  
  33  2:58  Phoenix  
  35  3:02  Probe  
  35  3:04  Probe  
  39  3:07  Pylon  
  39  3:14  Probe  
  39  3:16  Probe  
  39  3:19  Oracle  
  44  3:28  Probe x2, Assimilator  
  44  3:32  Assimilator  
  46  3:35  Gateway  
  46  3:40  Probe x2  
  48  3:44  Robotics Facility  
  48  3:49  Probe  
  48  3:52  Probe  
  48  3:55  Pylon  
  50  3:57  Probe  
  50  4:02  Twilight Council  
  51  4:04  Probe  
  51  4:06  Probe  
  53  4:14  Gateway  
  53  4:15  Gateway  
  54  4:20  Warp Prism  
  52  4:31  Charge  
  52  4:32  Zealot  
  52  4:33  Zealot  
  56  4:43  Templar Archives  
  56  4:47  Gateway  
  56  4:48  Gateway  
  53  5:03  Gateway  
  53  5:04  Gateway  
  53  5:06  Pylon  
  51  5:10  Zealot x4  
  59  5:17  Pylon  
  59  5:19  Pylon  
  59  5:20  Probe x2  
  61  5:35  Nexus  
  61  5:44  Pylon, High Templar x4  
  69  5:50  Archon x2  
  69  5:57  Zealot x3  
  69  5:58  Zealot  
  69  6:01  Pylon  
  77  6:05  Probe  
  78  6:17  Zealot  
  78  6:18  High Templar x4  
  88  6:19  Zealot x3  
  88  6:23  Pylon  
  88  6:24  Archon x2  
  88  6:34  Probe  
  88  6:39  Probe  
  88  6:46  Zealot x4, Probe  
  91  6:51  Probe  
  88  6:56  Probe  
Tags
 
Add a new tag
Caveats
  • Supply blocks, unpowered buildings, or Contaminate may cause inaccurate times.
  • Supply counts are checked every 10 seconds.